[Event "FIDE World School-ch G-13 2025"]
[Site "Vrnjacka Banja"]
[Date "2025.03.27"]
[Round "8.1"]
[White "Begmuratova, Sarvinoz"]
[Black "Abylaykyzy, Bibisara"]
[Result "1-0"]
[Annotator "NA RC"]
[ECO "B40"]
[WhiteElo "1808"]
[BlackElo "1651"]
[PlyCount "133"]
[EventDate "2025.03.19"]
[EventType "swiss"]
[EventCountry "SRB"]
[SourceTitle "playchess.com"]
[Source "ChessBase"]
[SourceQuality "1"]
[TimeControl "5400+30"]

1. e4 c5 2. Nf3 e6 3. g3 Nc6 4. Bg2 Nf6 5. Qe2 d5 6. exd5 Nxd5 7. O-O Be7 8. Rd1 Qb6 9. Nc3 O-O 10. Ne4 Nd4 11. Nxd4 cxd4 12. d3 Bd7 13. Nd2 Qc5 14. Nb3 Qd6 15. Nxd4 Bf6 16. Nb3 Qc7 17. d4 Rac8 18. Nc5 Be8 19. c4 Bxd4 20. Rxd4 Qxc5 21. Rh4 Nb6 22. Bxb7 Rc7 23. Be3 Qe7 24. Bg2 f5 25. Re1 Bf7 26. c5 Nd5 27. Bd4 Qd7 28. Qe5 Nf6 29. c6 Rxc6 30. Bxc6 Qxc6 31. Qc5 Qxc5 32. Bxc5 Rc8 33. Bxa7 Ne4 34. Rd1 g5 35. Rh6 Kg7 36. Rd7 Kxh6 37. Rxf7 Kg6 38. Re7 f4 39. Kg2 fxg3 40. hxg3 Rc6 41. Bd4 Rd6 42. Be3 h5 43. Kf3 Nf6 44. b4 g4+ 45. Ke2 Nd5 46. Ra7 Nxb4 47. Bc5 Ra6 48. Rxa6 Nxa6 49. Bd6 Kf6 50. Kd3 e5 51. Ke4 Ke6 52. Bxe5 Nb4 53. a4 Nd5 54. a5 Nb4 55. Bc3 Nd5 56. Bd2 Nc7 57. Kd4 Na6 58. Kc4 Kd6 59. Kb5 Nc7+ 60. Kb6 Nd5+ 61. Kb7 Kd7 62. a6 Nc7 63. a7 Na8 64. Kxa8 Kc8 65. Bf4 h4 66. gxh4 g3 67. fxg3 1-0

[Event "FIDE World School-ch G-13 2025"]
[Site "Vrnjacka Banja"]
[Date "2025.03.27"]
[Round "8.2"]
[White "Amanzhol, Khanzada"]
[Black "Gaer, Sofiya Ig"]
[Result "0-1"]
[Annotator "NA RC"]
[ECO "C01"]
[WhiteElo "1908"]
[BlackElo "1733"]
[PlyCount "78"]
[EventDate "2025.03.19"]
[EventType "swiss"]
[EventCountry "SRB"]
[SourceTitle "playchess.com"]
[Source "ChessBase"]
[SourceQuality "1"]
[TimeControl "5400+30"]

1. e4 e6 2. d4 d5 3. exd5 exd5 4. Bf4 Nf6 5. Nc3 c6 6. Qd2 Bb4 7. O-O-O O-O 8. f3 Qa5 9. Nge2 b5 10. Kb1 Nbd7 11. a3 Bxc3 12. Nxc3 Qd8 13. g4 Nb6 14. h4 Nc4 15. Bxc4 dxc4 16. Bg5 Qd6 17. h5 Nd5 18. Ne4 Qc7 19. h6 g6 20. Bf6 Re8 21. Bg7 f5 22. gxf5 Bxf5 23. Nf6+ Nxf6 24. Bxf6 Qf7 25. Be5 a5 26. Rhe1 Red8 27. Ka1 b4 28. Re2 c3 29. bxc3 Qc4 30. Bf6 Re8 31. Rxe8+ Rxe8 32. Re1 Be6 33. d5 Bxd5 34. Rxe8+ Kf7 35. Re7+ Kxf6 36. Re6+ Kxe6 37. Qe3+ Kf6 38. Kb1 bxc3 39. Qb6 Qf1# 0-1

[Event "FIDE World School-ch G-13 2025"]
[Site "Vrnjacka Banja"]
[Date "2025.03.27"]
[Round "8.3"]
[White "Smirnova, Viktoria A"]
[Black "Tereshchenko, Eliza"]
[Result "1-0"]
[Annotator "NA RC"]
[ECO "E05"]
[WhiteElo "1671"]
[BlackElo "1751"]
[PlyCount "79"]
[EventDate "2025.03.19"]
[EventType "swiss"]
[EventCountry "SRB"]
[SourceTitle "playchess.com"]
[Source "ChessBase"]
[SourceQuality "1"]
[TimeControl "5400+30"]

1. d4 d5 2. c4 e6 3. Nf3 Nf6 4. g3 Be7 5. Bg2 O-O 6. O-O dxc4 7. Ne5 Nc6 8. Nxc6 bxc6 9. e3 Rb8 10. Bxc6 Nd5 11. a4 a6 12. Qe2 Rb4 13. e4 Nf6 14. Rd1 Bd7 15. Bxd7 Qxd7 16. Nc3 Rfb8 17. Rb1 Qc8 18. Qc2 Qd7 19. Qe2 Qe8 20. Bf4 R8b7 21. Rd2 Nd7 22. Rbd1 Qb8 23. d5 e5 24. Be3 Nc5 25. d6 cxd6 26. Bxc5 dxc5 27. Nd5 Bf8 28. Nxb4 Rxb4 29. Rd8 Qc7 30. Ra8 Rb8 31. Rxa6 c3 32. bxc3 c4 33. Rd5 Rb3 34. Qd2 g6 35. Rd7 Rb1+ 36. Kg2 Qc8 37. Raa7 Qc6 38. Qd5 Qe6 39. Qxe6 fxe6 40. Rd8 1-0

[Event "FIDE World School-ch G-13 2025"]
[Site "Vrnjacka Banja"]
[Date "2025.03.27"]
[Round "8.4"]
[White "Omirserik, Alima"]
[Black "Mamakova, Aknur"]
[Result "0-1"]
[Annotator "NA RC"]
[ECO "C01"]
[WhiteElo "1814"]
[BlackElo "1797"]
[PlyCount "82"]
[EventDate "2025.03.19"]
[EventType "swiss"]
[EventCountry "SRB"]
[SourceTitle "playchess.com"]
[Source "ChessBase"]
[SourceQuality "1"]
[TimeControl "5400+30"]

1. e4 e6 2. d4 d5 3. Bd3 dxe4 4. Bxe4 Nf6 5. Bf3 c5 6. Ne2 Be7 7. Be3 O-O 8. O-O Qc7 9. Nbc3 Rd8 10. Qc1 Nc6 11. Rd1 cxd4 12. Nxd4 Ne5 13. Be2 Neg4 14. Nf3 Nxe3 15. Rxd8+ Qxd8 16. Qxe3 Bd7 17. Ne5 Be8 18. h3 Qc7 19. Bf3 Bc5 20. Qe2 Bd4 21. Re1 Rc8 22. Ng4 Nxg4 23. hxg4 Bxc3 24. bxc3 b5 25. Be4 Qxc3 26. Bd3 a6 27. Qe4 g6 28. Rb1 Bc6 29. Qe3 Bd5 30. Qc1 Bxa2 31. Ra1 Bd5 32. Ra3 Qd4 33. Qg5 Bb7 34. Rb3 Kg7 35. Qe7 Bd5 36. Ra3 Qxg4 37. Bf1 Rxc2 38. Qa7 Rc1 39. f3 Qc4 40. Qf2 Rxf1+ 41. Qxf1 Qc5+ 0-1

[Event "FIDE World School-ch G-13 2025"]
[Site "Vrnjacka Banja"]
[Date "2025.03.27"]
[Round "8.5"]
[White "Xu, Luna Yuexiu"]
[Black "Enkhzaya, Zagas-Erdene"]
[Result "0-1"]
[Annotator "NA RC"]
[ECO "C30"]
[WhiteElo "1901"]
[BlackElo "1801"]
[PlyCount "144"]
[EventDate "2025.03.19"]
[EventType "swiss"]
[EventCountry "SRB"]
[SourceTitle "playchess.com"]
[Source "ChessBase"]
[SourceQuality "1"]
[TimeControl "5400+30"]

1. e4 e5 2. Nc3 Nf6 3. f4 d6 4. Nf3 Bg4 5. Be2 Nc6 6. O-O Be7 7. Bb5 O-O 8. Bxc6 bxc6 9. d4 exd4 10. Qxd4 d5 11. e5 Nd7 12. Kh1 Rb8 13. a3 Bf5 14. Be3 Bxc2 15. Qd2 Bb3 16. Bxa7 Rb7 17. Bg1 Bc4 18. Rfe1 Nb6 19. Nd4 Qe8 20. b3 c5 21. bxc4 Nxc4 22. Qd3 Nb2 23. Qc2 cxd4 24. Nxd5 d3 25. Qc3 Bh4 26. Re4 Qb5 27. Bc5 d2 28. Rb4 Qe2 29. Qf3 Qe1+ 30. Qf1 Rxb4 31. Bxb4 Qxa1 32. Qxa1 d1=Q+ 33. Qxd1 Nxd1 34. Bxf8 Kxf8 35. Nxc7 Nc3 36. g4 Bd8 37. Na6 Be7 38. Nb8 Bxa3 39. Nd7+ Ke7 40. Nb6 Bc1 41. f5 Bf4 42. Nc4 Nd1 43. h3 Ne3 44. Nb2 Bxe5 45. Nd3 Bd6 46. Kg1 Bg3 47. Nc1 h5 48. Ne2 Bh4 49. Kh2 Bf2 50. gxh5 Nxf5 51. Kg2 Bh4 52. Kf3 Kf6 53. Kg4 Bg5 54. Nc3 Nh6+ 55. Kf3 Ke5 56. Ne4 Be7 57. Nf2 Kf5 58. Ne4 Bh4 59. Nd6+ Kg5 60. Nxf7+ Nxf7 61. h6 Nxh6 62. Ke3 Nf7 63. Kf3 Kf5 64. Ke3 Ne5 65. Ke2 Ke4 66. Kf1 Kf3 67. Kg1 Bf2+ 68. Kh2 Nd3 69. Kh1 Kg3 70. h4 Nf4 71. h5 Kh3 72. h6 Ne2 0-1

[Event "FIDE World School-ch G-13 2025"]
[Site "Vrnjacka Banja"]
[Date "2025.03.27"]
[Round "8.6"]
[White "Leca Andrei, Anastasia"]
[Black "Akuratiya, A G Hansadie Aradhya"]
[Result "0-1"]
[Annotator "NA RC"]
[ECO "A80"]
[WhiteElo "1805"]
[BlackElo "1629"]
[PlyCount "84"]
[EventDate "2025.03.19"]
[EventType "swiss"]
[EventCountry "SRB"]
[SourceTitle "playchess.com"]
[Source "ChessBase"]
[SourceQuality "1"]
[TimeControl "5400+30"]

1. d4 f5 2. Bg5 h6 3. Bh4 g5 4. Bg3 Nf6 5. e3 d6 6. Bd3 e6 7. c4 Qe7 8. Nf3 Nc6 9. Nfd2 Bd7 10. h3 O-O-O 11. a3 f4 12. Bh2 h5 13. Nc3 Bh6 14. Qe2 g4 15. b4 Rhg8 16. b5 Na5 17. Bxf4 Bxf4 18. exf4 gxh3 19. gxh3 Rg2 20. O-O-O Rdg8 21. Kb2 Qf7 22. Qe3 h4 23. Nf3 Qh5 24. Be2 R8g3 25. Kc1 Nxc4 26. Qd3 Rxf2 27. Qxc4 Rfxf3 28. Bxf3 Qxf3 29. Kb2 Nd5 30. Rc1 Rg2+ 31. Kb3 Rg3 32. Rhg1 Nb6 33. Rxg3 hxg3 34. Qe2 Qxf4 35. Rd1 e5 36. Rf1 Be6+ 37. d5 Nxd5 38. Nxd5 Bxd5+ 39. Kb2 Qd4+ 40. Kc1 Qa1+ 41. Kc2 Qa2+ 42. Kd3 Bc4+ 0-1